 Dungeon Crawl Stone Soup version 0.32-a0-576-g706899e69d (webtiles) character file.

Game seed: 8092184768761844113

3980 Juicyj the Cleaver (level 10, -1/90 HPs)
             Began as a Mountain Dwarf Fighter on Feb 29, 2024.
             Slain by a komodo dragon (17 damage)
             ... on level 8 of the Dungeon on Mar 1, 2024.
             The game lasted 00:13:05 (6990 turns).

Juicyj the Cleaver (Mountain Dwarf Fighter)         Turns: 6990, Time: 00:13:06

Health: -1/90      AC: 16    Str: 30      XL:     10   Next: 2%
Magic:  10/10      EV: 12    Int: 10 (11) God:
Gold:   253        SH: 10    Dex:  6      Spells: 9/9 levels left

rFire   + + .        a - +1 war axe (flame)
rCold   . . .        c - +0 buckler
rNeg    + + .        o - +3 plate armour of the Iron City of Dis {Will+ rCorr}
rPois   .            (no helmet)
rElec   .            (no cloak)
rCorr   +            (no gloves)
SInv    .            (no boots)
Will    ++...        s - amulet of reflection Stlth
                     f - ring of protection from fire
HPRegen 0.35/turn    v - ring of Qumi {rF+ rN++ EV+5 Slay-5}
MPRegen 0.12/turn

%: reflection
@: no status effects
A: runic magic, artefact enchanting, clever 1, strong 2
a: no special abilities


You were on level 8 of the Dungeon.
You visited 1 branch of the dungeon, and saw 8 of its levels.

You collected 1041 gold pieces.
You spent 788 gold pieces at shops.

Inventory:

Hand Weapons
 a - a +1 war axe of flaming (weapon)
Armour
 b - a +0 scale mail
 c - a +0 buckler (worn)
 o - the +3 plate armour of the Iron City of Dis (worn) {Will+ rCorr}
   (You bought it in a shop on level 4 of the Dungeon)

   Will+:     It increases your willpower.
   rCorr:     It protects you from acid and corrosion.
 q - a +0 plate armour
Jewellery
 f - a ring of protection from fire (left hand)
 h - a ring of resist corrosion
 k - a +5 ring of evasion
 l - a ring of magical power
 s - an amulet of reflection (around neck)
 v - the ring of Qumi (right hand) {rF+ rN++ EV+5 Slay-5}
   (You found it on level 6 of the Dungeon)

   [ring of evasion]

   EV+5:      It affects your evasion (+5).
   Slay-5:    It affects your accuracy & damage with ranged weapons and melee
   (-5).
   rF+:       It protects you from fire.
   rN++:      It greatly protects you from negative energy.
 A - an amulet of magic regeneration
Wands
 n - a wand of flame (5)
 y - a wand of mindburst (4)
Scrolls
 e - 2 scrolls of fear
 i - a scroll of immolation
 j - 5 scrolls of poison {unknown}
 m - 3 scrolls of teleportation
 t - 2 scrolls of noise
 w - a scroll of identify
 x - a scroll of fog {unknown}
 z - a scroll of amnesia {unknown}
Potions
 d - 2 potions of might
 g - a potion of haste
 p - a potion of curing
 r - a potion of brilliance
 u - a potion of mutation
 B - a potion of enlightenment


   Skills:
 + Level 8.6 Fighting
 + Level 9.1 Axes
 + Level 8.6 Armour
 + Level 8.6 Shields


You had 9 spell levels left.
You didn't know any spells.
Your spell library contained the following spells:

 Spells                   Type           Power      Damage    Failure   Level
 Foxfire                  Conj/Fire      0%         2x1d4     56%         1
 Magic Dart               Conj           0%         1d3       56%         1
 Shock                    Conj/Air       0%         1d3       56%         1
 Blink                    Tloc           0%         N/A       71%         2
 Call Imp                 Summ           0%         N/A       71%         2
 Scorch                   Fire           0%         2d5       71%         2
 Fugue of the Fallen      Necr           0%         N/A       91%         3
 Ozocubu's Armour         Ice            0%         N/A       91%         3
 Swiftness                Air            0%         N/A       91%         3
 Airstrike                Air            0%         2d(0-16)  100%        4
 Flame Wave               Conj/Fire      0%         2d4       100%        4
 Manifold Assault         Tloc           0%         N/A       100%        4
 Plasma Beam              Fire/Air       0%         2x1d10    100%        6
 Starburst                Conj/Fire      0%         6d3       100%        6
 Summon Cactus Giant      Summ           0%         N/A       100%        6


Dungeon Overview and Level Annotations

Branches:
Dungeon (8/15)             Temple (0/1) D:7            Lair (0/5) D:8

Altars:
Ashenzari
Hepliaklqana
Vehumet
The Shining One

Shops:
D:2 *   D:4 [


Innate Abilities, Weirdness & Mutations

Your spellcasting is much less encumbered by armour.
You can use scrolls of enchantment on lesser artefacts.
Your mind is acute. (Int +4, Str/Dex -1)
Your muscles are very strong. (Str +8, Int/Dex -2)


Message History

The komodo dragon bites you!
You are too injured to fight recklessly!
You are too injured to fight recklessly!
Aiming: Mindburst
Press: ? - help, Q - select action, (/) - cycle Shift-Dir - straight line, f - acid dragon
Aim: an acid dragon (lightly wounded, catching its breath, chance to affect: 64%)
The acid dragon's mind is blasted!!
You block the acid dragon's attack.
The acid dragon claws you but does no damage.
You block the komodo dragon's attack.
Aiming: Mindburst
Press: ? - help, Q - select action, (/) - cycle Shift-Dir - straight line, f/p - acid dragon
Aim: an acid dragon (almost dead, chance to affect: 64%)
The acid dragon struggles to resist.
The iguana barely misses you. The acid dragon closely misses you.
The acid dragon barely misses you. The komodo dragon bites you.
* * * LOW HITPOINT WARNING * * *
You closely miss the acid dragon.
The acid dragon is almost dead.
You hit the komodo dragon. You burn the komodo dragon.
You hit the iguana but do no damage. You block the iguana's attack.
You block the acid dragon's attack. The acid dragon claws you.
* * * LOW HITPOINT WARNING * * *
The komodo dragon bites you but does no damage.
You slash the acid dragon! You burn the acid dragon.
You kill the acid dragon!
You closely miss the iguana. You hit the komodo dragon.
You burn the komodo dragon. The iguana bites you!
* * * LOW HITPOINT WARNING * * *
The komodo dragon barely misses you.
Unknown command.
You closely miss the komodo dragon.
The komodo dragon is severely wounded.
You closely miss the iguana. The iguana barely misses you.
You block the komodo dragon's attack.
You closely miss the komodo dragon.
The komodo dragon is severely wounded.
You hit the iguana. You burn the iguana. You block the iguana's attack.
The komodo dragon bites you!
You die...

..#### .....# .....# #######
.....# #.....#
.....######.[...####### ###
.....'....'.....+..... +..
##...######.....#..# ### #####
######...## # # ##### #.@...#
#...### ##...### #####.ll....#
#...... .'...+.# #...#.......#
####... ##...#.###..##........#
#.## .'..........##......P.# #
##...........#.........####
##.....#.#####.........##.#
####...#.###.#..>..P...##.#######
.............# ###........


You could see a komodo dragon and an iguana.

Vanquished Creatures
  A slime creature (D:7)
  Sigmund (D:6)
  Menkaure (D:7)
  2 acid dragons
  A water moccasin (D:6)
  2 ice beasts
  An orc warrior (D:6)
  An ogre (D:6)
  2 sky beasts
  3 centaurs (D:5)
  2 phantoms
  5 kobold brigands
  A bullfrog (D:6)
  A gnoll sergeant (D:8)
  3 scorpions
  4 killer bees (D:8)
  2 howler monkeys (D:7)
  6 bombardier beetles
  7 hounds
  An orc priest (D:4)
  A gnoll bouda (D:6)
  6 jellies
  Jessica (D:2)
  2 iguanas
  7 orc wizards
  2 sleepcaps
  11 gnolls
  3 adders
  A white imp (D:5)
  A dart slug (D:4)
  A ribbon worm (D:3)
  25 orcs
  11 endoplasms
  3 giant cockroaches
  7 goblins
  6 hobgoblins
  8 jackals
  2 quokkas
  8 ball pythons
  6 bats
  4 frilled lizards
  13 kobolds
  6 rats
182 creatures vanquished.

Notes
Turn   | Place    | Note
-------+----------+-------------------------------------------
     0 | D:1      | Juicyj the Mountain Dwarf Fighter began the quest for the
                  | Orb.
     0 | D:1      | Reached XP level 1. HP: 19/19 MP: 1/1
   142 | D:1      | Reached XP level 2. HP: 25/26 MP: 2/2
   452 | D:1      | Reached skill level 3 in Axes
   830 | D:2      | Noticed Jessica
   847 | D:2      | Reached XP level 3. HP: 15/33 MP: 3/3
   952 | D:2      | Killed Jessica
   974 | D:2      | Found a faded altar of an unknown god.
  1200 | D:2      | Found Kaklac's General Store.
  1207 | D:2      | Reached XP level 4. HP: 40/40 MP: 4/4
  1213 | D:2      | Bought a scroll of identify for 24 gold pieces
  1264 | D:2      | Bought a scroll of teleportation for 36 gold pieces
  1264 | D:2      | Identified a scroll of acquirement
  1655 | D:3      | Reached XP level 5. HP: 44/46 MP: 5/5
  2042 | D:4      | Reached skill level 4 in Axes
  2322 | D:4      | Reached XP level 6. HP: 53/53 MP: 6/6
  2329 | D:4      | Found a radiant altar of Vehumet.
  2646 | D:4      | Found Dat Das's Antique Armour Shop.
  2650 | D:4      | Acquired 656 gold pieces
  2774 | D:4      | Reached skill level 5 in Fighting
  2774 | D:4      | Reached skill level 5 in Armour
  2774 | D:4      | Reached skill level 5 in Shields
  2779 | D:4      | Upgraded the game from 0.32-a0-560-g4c7f4391e0 to
                  | 0.32-a0-576-g706899e69d
  2847 | D:4      | Reached skill level 5 in Axes
  2987 | D:5      | Entered Level 5 of the Dungeon
  2996 | D:5      | Reached XP level 7. HP: 49/61 MP: 7/7
  3057 | D:4      | Bought a fine plate armour for 728 gold pieces
  3057 | D:4      | Identified the +2 plate armour of the Iron City of Dis
                  | {Will+ rCorr} (You bought it in a shop on level 4 of the
                  | Dungeon)
  3283 | D:5      | Identified the +9 whip "Farhoz" {freeze, +Blink rC+ Will-
                  | Int+3}
  3292 | D:5      | Reached skill level 6 in Axes
  3292 | D:5      | Reached XP level 8. HP: 41/70 MP: 8/8
  3993 | D:6      | Found a broken altar of Ashenzari.
  4092 | D:6      | Identified the ring of Qumi {rF+ rN++ EV+5 Slay-5}
  4133 | D:6      | Found a hazy altar of Hepliaklqana.
  4210 | D:6      | Reached skill level 7 in Axes
  4347 | D:6      | Noticed Sigmund
  4358 | D:6      | Killed Sigmund
  4466 | D:6      | Reached XP level 9. HP: 56/79 MP: 9/9
  4849 | D:6      | Found a glowing golden altar of the Shining One.
  4912 | D:7      | Noticed Menkaure
  4920 | D:7      | Killed Menkaure
  5092 | D:7      | Reached skill level 8 in Axes
  5547 | D:7      | Found a staircase to the Ecumenical Temple.
  5871 | D:7      | Gained mutation: Your muscles are strong. (Str +4, Int/Dex
                  | -1) [potion of mutation]
  5871 | D:7      | Gained mutation: Your muscles are very strong. (Str +8,
                  | Int/Dex -2) [potion of mutation]
  5871 | D:7      | Gained mutation: Your mind is acute. (Int +4, Str/Dex -1)
                  | [potion of mutation]
  5976 | D:7      | Killed a large slime creature
  6446 | D:8      | Reached skill level 9 in Axes
  6951 | D:8      | Reached XP level 10. HP: 90/90 MP: 10/10
  6979 | D:8      | Found a staircase to the Lair.
  6990 | D:8      | Slain by a komodo dragon

Illustrated notes

Levels and vault maps discovered:
D:1:      dpeg_arrival_round_a, layout_loops_ring, minmay_hedge_maze
D:2:      layout_rooms, ebering_ecumenical_altar_petrified, serial_shops,
          nicolae_diamond_shop, uniq_jessica
D:3:      layout_loops_ring
D:4:      layout_loops_ring, lemuel_tele_altar, serial_shops, shop
D:5:      layout_rooms, chequers_serial_rivers_small_a
D:6:      layout_gridville, mainiacjoe_overflow_brackets,
          mainiacjoe_overflow_24_doors, tso_altar, grunt_ministairs_5,
          uniq_sigmund
D:7:      cheibrodos_fertilizer, layout_loops_corners, temple_hall_moat,
          hex_tiny, uniq_menkaure
D:8:      layout_basic, david_lair_shrubbed

Skill      XL: |  1  2  3  4  5  6  7  8  9 |
---------------+----------------------------+-----
Axes           | 3 4 5 6 7 9 |  9.1
Fighting       | 4 5 6 7 8 |  8.6
Armour         | 4 5 6 7 8 |  8.6
Shields        | 4 5 6 7 8 |  8.6

Action                     |  1- 3 |  4- 6 |  7- 9 | 10-12 || total
---------------------------+-------+-------+-------+-------++-------
  Melee: War axe           |   111 |   179 |   460 |     9 ||   759
  Evoke: Wand              |       |       |     1 |     2 ||     3
    Use: Potion            |     1 |     5 |     5 |       ||    11
         Scroll            |       |     9 |     7 |       ||    16
   Stab: Distracted        |       |       |     1 |       ||     1
 Armour: Scale mail        |    70 |    27 |       |       ||    97
         Plate armour      |       |   146 |   373 |    16 ||   535
  Dodge: Dodged            |    61 |    62 |   250 |     9 ||   382
  Block: Buckler           |    26 |    30 |   128 |    10 ||   194

Table legend: (Time is in decaauts)
 A = Elapsed time spent in this place.
 B = Non-inter-level travel time spent in this place.
 C = Inter-level travel time spent in this place.
 D = Time resting spent in this place.
 E = Time spent auto-exploring this place.
 F = Levels seen in this place.
 G = Mean time per level.
                   A        B        C        D        E       F      G
               +--------+--------+--------+--------+--------+-----+--------+
         Total |   7135 |   7005 |    130 |    331 |   5138 |   8 |  891.9 |
       Dungeon |   7135 |   7005 |    130 |    331 |   5138 |   8 |  891.9 |
               +--------+--------+--------+--------+--------+-----+--------+

Top non-repeatable levels by time:
     D:7: 1337 daAuts
     D:6: 1249 daAuts
     D:4: 1083 daAuts
     D:1: 918 daAuts
     D:8: 752 daAuts
     D:3: 678 daAuts
     D:5: 611 daAuts
     D:2: 504 daAuts
